Canadiens vs MapleLeafs

Created - 28 février 2019 at 22:24

Goals
1 2 3 T
Canadiens 2 0 2 4
MapleLeafs 1 1 0 2
Shots
1 2 3 T
Canadiens 11 6 10 27
MapleLeafs 8 6 10 24

1st period

1. Canadiens , Jakob Silfverberg 17 (Cam Fowler 30) at 10:23
2. MapleLeafs , Craig Smith 15 (Radko Gudas 11, Patrick Marleau 29) at 12:09
3. Canadiens , Josh Morrissey 7 (Marcus Johansson 12, John Tavares 25) at 14:04

Penalties :
No Penalty

2nd period

4. MapleLeafs , Leo Komarov 12 (Beau Bennett 11, Cal Clutterbuck 19) at 10:29

Penalties :
Ryan Sproul (TOR) for Hooking (Minor) at 5:48

3rd period

5. Canadiens , Ivan Provorov 9 (Auston Matthews 20) at 0:12
6. Canadiens , Alexander Edler 5 (Jordan Eberle 23, Marcus Johansson 13) at 4:27 (PP)

Penalties :
Cal Clutterbuck (TOR) for Delaying the game (Minor) at 2:41, Leo Komarov (TOR) for Slashing (Minor) at 5:44, Adam Henrique (TOR) for Diving (Minor) at 11:55

Goalie Stats

Jonathan Bernier (MTL), 22 saves from 24 shots - (0.917), W, 7-1-0, 60:00 minutes
Scott Darling (TOR), 23 saves from 27 shots - (0.852), L, 2-5-1, 60:00 minutes

Players Stats for Canadiens

Player Name              G  A  P  +/- PIM S  H  SB GA TA FO     MP     PP MP  PK MP  
------------------------------------------------------------------------------------
Alexander Edler          1  0  1   0  0   1  2  0  0  0  0/0    24:38   3:59   0:00 
Auston Matthews          0  1  1   1  0   4  1  0  0  0  14/25  19:28   3:23   0:00 
Brian Gibbons            0  0  0  -1  0   1  1  0  0  0  0/0     6:29   0:00   0:00 
Cam Fowler               0  1  1   0  0   0  0  4  0  0  0/0    19:03   0:00   0:00 
Ivan Provorov            1  0  1   0  0   1  2  1  0  0  0/0    22:10   3:44   0:00 
Jakob Silfverberg        1  0  1   1  0   2  0  1  0  0  1/2    19:28   3:23   0:00 
John Tavares             0  1  1   1  0   1  0  0  0  0  12/21  20:40   4:20   0:00 
Jordan Eberle            0  1  1   1  0   3  3  0  0  0  1/2    20:40   4:20   0:00 
Josh Morrissey           1  0  1   1  0   2  0  0  0  0  0/0    18:32   3:44   0:00 
Justin Abdelkader        0  0  0   0  0   1  0  0  0  0  0/0    13:23   0:00   0:00 
Marcus Johansson         0  2  2   1  0   2  1  0  0  0  0/2    20:40   4:20   0:00 
Matt Calvert             0  0  0  -1  0   1  1  0  0  0  0/0     6:29   0:00   0:00 
Michael Stone            0  0  0   1  0   0  2  2  0  0  0/0    14:48   0:00   0:00 
Nick Shore               0  0  0  -1  0   2  0  0  0  0  7/10    6:29   0:00   0:00 
Ron Hainsey              0  0  0   0  0   1  1  0  0  0  0/0    20:49   3:59   0:00 
Teuvo Teravainen         0  0  0   1  0   3  2  0  0  0  0/0    19:28   3:23   0:00 
Tyson Jost               0  0  0   0  0   1  1  0  0  0  0/0    13:23   0:00   0:00 
Zack Smith               0  0  0   0  0   1  2  0  0  0  8/14   13:23   0:00   0:00 

Players Stats for MapleLeafs

Player Name              G  A  P  +/- PIM S  H  SB GA TA FO     MP     PP MP  PK MP  
------------------------------------------------------------------------------------
Adam Henrique            0  0  0  -3  2   4  1  0  0  0  12/22  18:58   0:00   3:43 
Alex DeBrincat           0  0  0  -3  0   0  1  0  0  0  2/2    17:48   0:00   2:32 
Anthony Duclair          0  0  0   0  0   1  0  0  0  0  0/1    11:11   0:00   1:18 
Beau Bennett             0  1  1   1  0   3  0  0  0  0  0/1    12:41   0:00   0:38 
Cal Clutterbuck          0  1  1   1  2   3  3  0  0  0  4/13   12:02   0:00   0:00 
Craig Smith              1  0  1   1  0   5  1  0  0  0  0/0    15:05   0:00   0:00 
David Warsofsky          0  0  0  -1  0   0  1  1  0  0  0/0    19:18   0:00   1:08 
Dmitry Kulikov           0  0  0  -1  0   1  2  4  0  0  0/0    22:26   0:00   3:56 
Jamie Oleksiak           0  0  0   1  0   1  1  1  0  0  0/0    20:56   0:00   3:09 
Kyle Okposo              0  0  0  -3  0   1  2  0  0  0  0/0    15:16   0:00   0:00 
Leo Komarov              1  0  1   1  2   1  0  2  0  0  0/0    15:17   0:00   3:15 
Mikhail Sergachev        0  0  0  -1  0   0  6  4  0  0  0/0    19:59   0:00   3:59 
Nolan Patrick            0  0  0   1  0   0  2  0  0  0  8/20   15:10   0:00   0:05 
Patrick Marleau          0  1  1   1  0   2  2  0  0  0  1/6    18:12   0:00   3:07 
Peter Holland            0  0  0   0  0   0  0  0  0  0  6/11   10:41   0:00   0:48 
Radko Gudas              0  1  1   1  0   0  2  3  0  0  0/0    21:21   0:00   3:14 
Ryan Sproul              0  0  0  -1  2   0  1  0  0  0  0/0    15:59   0:00   0:00 
Zack Kassian             0  0  0   0  0   2  1  0  0  0  0/0     9:53   0:00   0:00 

3 Stars

1 - Marcus Johansson (MTL)
2 - Jakob Silfverberg (MTL)
3 - Ivan Provorov (MTL)

Power Play

Canadiens - 1 on 4 Attempt(s) - 25.00%
MapleLeafs - 0 on 0 Attempt(s) - 0.00%

Penalty Kill

Canadiens - 0 on 0 Attempt(s) - 0.00% - Score 0 goal in Penalty Kill
MapleLeafs - 3 on 4 Attempt(s) - 75.00% - Score 0 goal in Penalty Kill

Team Stat

Canadiens - Hits : 19 - Faceoff Wins : 43 - Blocked Shots : 8 - Penalty Minutes : 0
MapleLeafs - Hits : 26 - Faceoff Wins : 33 - Blocked Shots : 15 - Penalty Minutes : 8

Official

Referees : Rob Martell and Mike Leggo
Linesman : Vaughan Rody and Andy McElman

Game Notes

No Game Note

Finance

Level 1 -- Attendance: 5635 (86.69%) -- Ticket Income 648 025 $
Level 2 -- Attendance: 4591 (91.82%) -- Ticket Income 367 280 $
Level 3 -- Attendance: 2483 (70.94%) -- Ticket Income 173 810 $
Level 4 -- Attendance: 2042 (72.44%) -- Ticket Income 91 890 $
Luxury Box -- Attendance: 925 (92.50%) -- Ticket Income 208 125 $
Game was played at the Air Canada Center.
Total Attendance: 15676 (83.30%)
Total Ticket Income: 1 489 130 $
Other Income: 729 674 $
Total Income: 2 218 804 $

% Time on Ice - Canadiens

Lines # - Real PCT - Wanted PCT - Time Play
Normal Forward
1 - 31% - 35% - 16:20
2 - 31% - 35% - 16:05
3 - 26% - 20% - 13:23
4 - 12% - 10% - 6:29
Normal Defense
1 - 36% - 35% - 19:03
2 - 32% - 35% - 16:50
3 - 28% - 25% - 14:48
4 - 3% - 5% - 1:36
PP Forward
1 - 56% - 65% - 4:20
2 - 44% - 35% - 3:23
PP Defense
1 - 48% - 50% - 3:44
2 - 52% - 50% - 3:59
PK Forward
1 - 0% - 55%
2 - 0% - 45%
PK Defense
1 - 0% - 55%
2 - 0% - 45%
PK3 Forward
1 - 0% - 60%
2 - 0% - 40%
PK3 Defense
1 - 0% - 55%
2 - 0% - 45%
44 Forward
1 - 0% - 50%
2 - 0% - 50%
44 Defense
1 - 0% - 50%
2 - 0% - 50%
Last Minute Offensive  - 0:00
Last Minute Defensive  - 0:00
Total
Forward - 60:00
Defense - 60:00

% Time on Ice - MapleLeafs

Lines # - Real PCT - Wanted PCT - Time Play
Normal Forward
1 - 29% - 30% - 15:16
2 - 29% - 29% - 15:05
3 - 23% - 24% - 12:03
4 - 19% - 17% - 9:53
Normal Defense
1 - 35% - 42% - 18:10
2 - 33% - 34% - 17:11
3 - 31% - 24% - 16:00
4 - 2% - 0% - 0:56
PP Forward
1 - 0% - 60%
2 - 0% - 40%
PP Defense
1 - 0% - 60%
2 - 0% - 40%
PK Forward
1 - 83% - 60% - 6:25
2 - 17% - 40% - 1:18
PK Defense
1 - 60% - 60% - 4:40
2 - 40% - 40% - 3:03
PK3 Forward
1 - 0% - 60%
2 - 0% - 40%
PK3 Defense
1 - 0% - 60%
2 - 0% - 40%
44 Forward
1 - 0% - 60%
2 - 0% - 40%
44 Defense
1 - 0% - 60%
2 - 0% - 40%
Last Minute Offensive  - 0:00
Last Minute Defensive  - 0:00
Total
Forward - 60:00
Defense - 60:00

Play-by-Play

1st period


0:01 of 1st period - Adam Henrique wins face-off versus John Tavares in neutral zone.
0:16 of 1st period - Off-side.
0:17 of 1st period - Nolan Patrick wins face-off versus Auston Matthews in neutral zone.
0:19 of 1st period - Craig Smith is hit by Ivan Provorov and loses puck.
0:45 of 1st period - Patrick Marleau is hit by Ivan Provorov.
0:47 of 1st period - Shot by Nolan Patrick.
0:47 of 1st period - Shot Misses the Net.
0:55 of 1st period - Shot by Auston Matthews.
0:55 of 1st period - Stopped by Scott Darling with a rebound.
0:57 of 1st period - Shot by Teuvo Teravainen.
0:57 of 1st period - Shot Misses the Net.
1:41 of 1st period - Shot by Tyson Jost.
1:41 of 1st period - Stopped by Scott Darling without a rebound.
1:42 of 1st period - Peter Holland wins face-off versus Jordan Eberle in MapleLeafs zone.
1:42 of 1st period - Anthony Duclair is hit by Jordan Eberle and loses puck.
1:54 of 1st period - Jordan Eberle is hit by David Warsofsky and loses puck.
2:22 of 1st period - Icing by Alexander Edler.
2:23 of 1st period - Alex DeBrincat wins face-off versus Marcus Johansson in Canadiens zone.
2:23 of 1st period - Alex DeBrincat is hit by Alexander Edler.
3:02 of 1st period - John Tavares is hit by Mikhail Sergachev.
3:17 of 1st period - Icing by Ivan Provorov.
3:18 of 1st period - Nick Shore wins face-off versus Cal Clutterbuck in Canadiens zone.
4:09 of 1st period - Josh Morrissey is hit by Cal Clutterbuck and loses puck.
4:57 of 1st period - Off-side.
4:58 of 1st period - Adam Henrique wins face-off versus Zack Smith in neutral zone.
5:01 of 1st period - Ivan Provorov is hit by Adam Henrique and loses puck.
5:12 of 1st period - Shot by Alexander Edler.
5:12 of 1st period - Shot Blocked by Mikhail Sergachev.
5:17 of 1st period - Zack Smith is hit by Mikhail Sergachev and loses puck.
5:43 of 1st period - Off-side.
5:44 of 1st period - John Tavares wins face-off versus Nolan Patrick in neutral zone.
5:57 of 1st period - Shot by Marcus Johansson.
5:57 of 1st period - Shot Misses the Net.
6:03 of 1st period - Shot by Craig Smith.
6:03 of 1st period - Stopped by Jonathan Bernier with a rebound.
6:05 of 1st period - Shot by Patrick Marleau.
6:05 of 1st period - Shot Blocked by Michael Stone.
6:59 of 1st period - Shot by Beau Bennett.
6:59 of 1st period - Deflect By Leo Komarov.
6:59 of 1st period - Shot Misses the Net.
7:01 of 1st period - Shot by Cal Clutterbuck.
7:01 of 1st period - Stopped by Jonathan Bernier without a rebound.
7:02 of 1st period - Adam Henrique wins face-off versus Auston Matthews in Canadiens zone.
7:13 of 1st period - Shot by Alex DeBrincat.
7:13 of 1st period - Shot Blocked by Ivan Provorov.
7:29 of 1st period - Shot by Teuvo Teravainen.
7:29 of 1st period - Shot Blocked by David Warsofsky.
7:31 of 1st period - Shot by Ron Hainsey.
7:31 of 1st period - Shot Misses the Net.
7:37 of 1st period - Shot by Auston Matthews.
7:37 of 1st period - Stopped by Scott Darling without a rebound.
7:38 of 1st period - Zack Smith wins face-off versus Cal Clutterbuck in MapleLeafs zone.
7:41 of 1st period - Shot by Tyson Jost.
7:41 of 1st period - Shot Misses the Net.
7:49 of 1st period - Shot by Tyson Jost.
7:49 of 1st period - Shot Misses the Net.
8:31 of 1st period - Shot by Nick Shore.
8:31 of 1st period - Shot Blocked by Mikhail Sergachev.
9:00 of 1st period - Shot by Nick Shore.
9:00 of 1st period - Stopped by Scott Darling without a rebound.
9:01 of 1st period - Auston Matthews wins face-off versus Nolan Patrick in MapleLeafs zone.
9:11 of 1st period - Icing by Nolan Patrick.
9:12 of 1st period - Nolan Patrick wins face-off versus John Tavares in MapleLeafs zone.
9:12 of 1st period - Dmitry Kulikov is hit by Jordan Eberle.
9:32 of 1st period - Patrick Marleau is hit by Michael Stone and loses puck.
10:23 of 1st period - Shot by Jakob Silfverberg.
10:23 of 1st period - Goal by Jakob Silfverberg - Canadiens : 1 - MapleLeafs : 0.
10:24 of 1st period - Zack Smith wins face-off versus Anthony Duclair in neutral zone.
10:58 of 1st period - Shot by Zack Smith.
10:58 of 1st period - Stopped by Scott Darling without a rebound.
10:59 of 1st period - Auston Matthews wins face-off versus Nolan Patrick in MapleLeafs zone.
10:59 of 1st period - Auston Matthews is hit by Jamie Oleksiak.
11:06 of 1st period - Auston Matthews is hit by Radko Gudas and loses puck.
11:13 of 1st period - Cam Fowler is hit by Craig Smith and loses puck.
11:20 of 1st period - Shot by Craig Smith.
11:20 of 1st period - Shot Blocked by Cam Fowler.
11:22 of 1st period - Shot by Patrick Marleau.
11:22 of 1st period - Stopped by Jonathan Bernier without a rebound.
11:23 of 1st period - Adam Henrique wins face-off versus John Tavares in Canadiens zone.
11:34 of 1st period - Shot by Kyle Okposo.
11:34 of 1st period - Shot Misses the Net.
11:54 of 1st period - Shot by Marcus Johansson.
11:54 of 1st period - Stopped by Scott Darling without a rebound.
11:55 of 1st period - Nolan Patrick wins face-off versus Auston Matthews in MapleLeafs zone.
11:55 of 1st period - Nolan Patrick is hit by Auston Matthews.
12:09 of 1st period - Shot by Radko Gudas.
12:09 of 1st period - Deflect By Craig Smith.
12:09 of 1st period - Goal by Craig Smith - Canadiens : 1 - MapleLeafs : 1.
12:10 of 1st period - Peter Holland wins face-off versus Nick Shore in neutral zone.
12:50 of 1st period - Shot by Alexander Edler.
12:50 of 1st period - Shot Misses the Net.
13:08 of 1st period - Shot by Adam Henrique.
13:08 of 1st period - Stopped by Jonathan Bernier without a rebound.
13:09 of 1st period - Auston Matthews wins face-off versus Cal Clutterbuck in Canadiens zone.
13:29 of 1st period - Shot by Cal Clutterbuck.
13:29 of 1st period - Shot Misses the Net.
13:47 of 1st period - Shot by Beau Bennett.
13:47 of 1st period - Stopped by Jonathan Bernier without a rebound.
13:48 of 1st period - Alex DeBrincat wins face-off versus John Tavares in Canadiens zone.
14:02 of 1st period - Shot by Marcus Johansson.
14:02 of 1st period - Shot Misses the Net.
14:04 of 1st period - Shot by Josh Morrissey.
14:04 of 1st period - Goal by Josh Morrissey - Canadiens : 2 - MapleLeafs : 1.
14:05 of 1st period - Zack Smith wins face-off versus Nolan Patrick in neutral zone.
14:18 of 1st period - Shot by Justin Abdelkader.
14:18 of 1st period - Stopped by Scott Darling without a rebound.
14:19 of 1st period - Adam Henrique wins face-off versus Jakob Silfverberg in MapleLeafs zone.
14:37 of 1st period - Shot by Kyle Okposo.
14:37 of 1st period - Shot Misses the Net.
14:39 of 1st period - Shot by Adam Henrique.
14:39 of 1st period - Stopped by Jonathan Bernier without a rebound.
14:40 of 1st period - Jordan Eberle wins face-off versus Nolan Patrick in Canadiens zone.
14:59 of 1st period - Shot by Marcus Johansson.
14:59 of 1st period - Shot Misses the Net.
15:13 of 1st period - Shot by Craig Smith.
15:13 of 1st period - Stopped by Jonathan Bernier without a rebound.
15:14 of 1st period - Auston Matthews wins face-off versus Adam Henrique in Canadiens zone.
15:19 of 1st period - Alex DeBrincat is hit by Teuvo Teravainen and loses puck.
15:28 of 1st period - Shot by Auston Matthews.
15:28 of 1st period - Stopped by Scott Darling without a rebound.
15:29 of 1st period - Zack Smith wins face-off versus Cal Clutterbuck in MapleLeafs zone.
15:35 of 1st period - Justin Abdelkader is hit by Mikhail Sergachev and loses puck.
15:51 of 1st period - Beau Bennett is hit by Michael Stone.
16:14 of 1st period - Icing by Josh Morrissey.
16:15 of 1st period - Zack Smith wins face-off versus Adam Henrique in Canadiens zone.
16:44 of 1st period - Shot by Auston Matthews.
16:44 of 1st period - Shot Blocked by Dmitry Kulikov.
16:46 of 1st period - Shot by Teuvo Teravainen.
16:46 of 1st period - Stopped by Scott Darling without a rebound.
16:47 of 1st period - John Tavares wins face-off versus Nolan Patrick in MapleLeafs zone.
16:47 of 1st period - John Tavares is hit by Radko Gudas.
17:01 of 1st period - Alexander Edler is hit by Nolan Patrick and loses puck.
17:26 of 1st period - Radko Gudas is hit by Jordan Eberle and loses puck.
18:05 of 1st period - Shot by Teuvo Teravainen.
18:05 of 1st period - Shot Misses the Net.
19:15 of 1st period - Off-side.
19:16 of 1st period - Nick Shore wins face-off versus Adam Henrique in neutral zone.
19:34 of 1st period - Matt Calvert is hit by Dmitry Kulikov and loses puck.
19:56 of 1st period - Adam Henrique is hit by Alexander Edler and loses puck.
Goals for this period are 2 for Canadiens vs 1 for MapleLeafs.
Shots for this period are 11 for Canadiens vs 8 for MapleLeafs.

2nd period


0:01 of 2nd period - Auston Matthews wins face-off versus Cal Clutterbuck in neutral zone.
0:04 of 2nd period - Shot by Ivan Provorov.
0:04 of 2nd period - Deflect By Auston Matthews.
0:04 of 2nd period - Shot Misses the Net.
0:26 of 2nd period - Shot by Leo Komarov.
0:26 of 2nd period - Deflect By Beau Bennett.
0:26 of 2nd period - Shot Misses the Net.
0:28 of 2nd period - Shot by Dmitry Kulikov.
0:28 of 2nd period - Shot Blocked by Jakob Silfverberg.
0:30 of 2nd period - Shot by Leo Komarov.
0:30 of 2nd period - Shot Misses the Net.
0:32 of 2nd period - Shot by Cal Clutterbuck.
0:32 of 2nd period - Stopped by Jonathan Bernier without a rebound.
0:33 of 2nd period - John Tavares wins face-off versus Nolan Patrick in Canadiens zone.
1:04 of 2nd period - Shot by Craig Smith.
1:04 of 2nd period - Shot Misses the Net.
1:06 of 2nd period - Shot by Radko Gudas.
1:06 of 2nd period - Shot Misses the Net.
1:41 of 2nd period - Shot by Adam Henrique.
1:41 of 2nd period - Shot Misses the Net.
1:43 of 2nd period - Shot by Mikhail Sergachev.
1:43 of 2nd period - Shot Misses the Net.
1:53 of 2nd period - Shot by Alex DeBrincat.
1:53 of 2nd period - Shot Misses the Net.
2:19 of 2nd period - Shot by Beau Bennett.
2:19 of 2nd period - Shot Misses the Net.
2:26 of 2nd period - Off-side.
2:27 of 2nd period - Peter Holland wins face-off versus Zack Smith in neutral zone.
2:32 of 2nd period - Icing by Josh Morrissey.
2:33 of 2nd period - Zack Smith wins face-off versus Nolan Patrick in Canadiens zone.
2:33 of 2nd period - Zack Smith is hit by Patrick Marleau.
2:45 of 2nd period - Shot by Patrick Marleau.
2:45 of 2nd period - Shot Misses the Net.
3:04 of 2nd period - Icing by Tyson Jost.
3:05 of 2nd period - Adam Henrique wins face-off versus Zack Smith in Canadiens zone.
3:08 of 2nd period - Shot by Alex DeBrincat.
3:08 of 2nd period - Shot Blocked by Michael Stone.
4:09 of 2nd period - Shot by Beau Bennett.
4:09 of 2nd period - Shot Misses the Net.
4:11 of 2nd period - Shot by Beau Bennett.
4:11 of 2nd period - Stopped by Jonathan Bernier without a rebound.
4:12 of 2nd period - Nolan Patrick wins face-off versus Auston Matthews in Canadiens zone.
4:37 of 2nd period - Shot by Patrick Marleau.
4:37 of 2nd period - Shot Misses the Net.
4:39 of 2nd period - Shot by Patrick Marleau.
4:39 of 2nd period - Shot Misses the Net.
4:41 of 2nd period - Shot by Jamie Oleksiak.
4:41 of 2nd period - Shot Misses the Net.
5:20 of 2nd period - Jordan Eberle is hit by Mikhail Sergachev and loses puck.
5:31 of 2nd period - Shot by John Tavares.
5:31 of 2nd period - Shot Misses the Net.
5:34 of 2nd period - Icing by Mikhail Sergachev.
5:35 of 2nd period - Nick Shore wins face-off versus Cal Clutterbuck in MapleLeafs zone.
5:36 of 2nd period - Shot by Ivan Provorov.
5:36 of 2nd period - Shot Blocked by Leo Komarov.
5:39 of 2nd period - Nick Shore is hit by Mikhail Sergachev and loses puck.
5:42 of 2nd period - Shot by Brian Gibbons.
5:42 of 2nd period - Shot Blocked by Mikhail Sergachev.
5:45 of 2nd period - Brian Gibbons is hit by Mikhail Sergachev and loses puck.
5:48 of 2nd period - Shot by Matt Calvert.
5:48 of 2nd period - Stopped by Scott Darling without a rebound.
5:48 of 2nd period - Minor Penalty to Ryan Sproul for Hooking.
5:49 of 2nd period - Adam Henrique wins face-off versus John Tavares in MapleLeafs zone.
5:55 of 2nd period - Off-side.
5:56 of 2nd period - Auston Matthews wins face-off versus Adam Henrique in neutral zone.
6:57 of 2nd period - Shot by Jordan Eberle.
6:57 of 2nd period - Stopped by Scott Darling without a rebound.
6:58 of 2nd period - Adam Henrique wins face-off versus John Tavares in MapleLeafs zone.
7:13 of 2nd period - Shot by John Tavares.
7:13 of 2nd period - Shot Misses the Net.
7:21 of 2nd period - Shot by Jordan Eberle.
7:21 of 2nd period - Stopped by Scott Darling without a rebound.
7:22 of 2nd period - Patrick Marleau wins face-off versus Auston Matthews in MapleLeafs zone.
7:34 of 2nd period - Icing by Ivan Provorov.
7:35 of 2nd period - Adam Henrique wins face-off versus Auston Matthews in Canadiens zone.
9:13 of 2nd period - Off-side.
9:14 of 2nd period - Auston Matthews wins face-off versus Adam Henrique in neutral zone.
9:55 of 2nd period - Off-side.
9:56 of 2nd period - Nick Shore wins face-off versus Beau Bennett in neutral zone.
10:21 of 2nd period - Shot by Leo Komarov.
10:21 of 2nd period - Shot Misses the Net.
10:23 of 2nd period - Shot by Leo Komarov.
10:23 of 2nd period - Shot Misses the Net.
10:25 of 2nd period - Shot by Leo Komarov.
10:25 of 2nd period - Shot Misses the Net.
10:27 of 2nd period - Shot by Leo Komarov.
10:27 of 2nd period - Shot Misses the Net.
10:29 of 2nd period - Shot by Leo Komarov.
10:29 of 2nd period - Goal by Leo Komarov - Canadiens : 2 - MapleLeafs : 2.
10:30 of 2nd period - John Tavares wins face-off versus Peter Holland in neutral zone.
11:30 of 2nd period - John Tavares is hit by Kyle Okposo and loses puck.
11:46 of 2nd period - Off-side.
11:47 of 2nd period - Auston Matthews wins face-off versus Patrick Marleau in neutral zone.
11:47 of 2nd period - Cam Fowler is hit by Nolan Patrick and loses puck.
12:08 of 2nd period - Icing by Nolan Patrick.
12:09 of 2nd period - Nolan Patrick wins face-off versus Zack Smith in MapleLeafs zone.
12:09 of 2nd period - Nolan Patrick is hit by Zack Smith.
12:12 of 2nd period - Icing by Patrick Marleau.
12:13 of 2nd period - Nolan Patrick wins face-off versus Zack Smith in MapleLeafs zone.
12:17 of 2nd period - Icing by Patrick Marleau.
12:18 of 2nd period - Auston Matthews wins face-off versus Nolan Patrick in MapleLeafs zone.
12:42 of 2nd period - Craig Smith is hit by Teuvo Teravainen and loses puck.
13:17 of 2nd period - Justin Abdelkader is hit by Kyle Okposo.
14:04 of 2nd period - Icing by Josh Morrissey.
14:05 of 2nd period - John Tavares wins face-off versus Cal Clutterbuck in Canadiens zone.
14:20 of 2nd period - Shot by Jordan Eberle.
14:20 of 2nd period - Stopped by Scott Darling without a rebound.
14:21 of 2nd period - Auston Matthews wins face-off versus Peter Holland in MapleLeafs zone.
14:43 of 2nd period - Shot by Jamie Oleksiak.
14:43 of 2nd period - Stopped by Jonathan Bernier with a rebound.
14:45 of 2nd period - Shot by Radko Gudas.
14:45 of 2nd period - Shot Blocked by Cam Fowler.
14:47 of 2nd period - Shot by Zack Kassian.
14:47 of 2nd period - Shot Blocked by Cam Fowler.
14:52 of 2nd period - Shot by Peter Holland.
14:52 of 2nd period - Deflect By Anthony Duclair.
14:52 of 2nd period - Stopped by Jonathan Bernier without a rebound.
14:53 of 2nd period - John Tavares wins face-off versus Cal Clutterbuck in Canadiens zone.
14:53 of 2nd period - John Tavares is hit by Cal Clutterbuck.
15:59 of 2nd period - Shot by Craig Smith.
15:59 of 2nd period - Shot Misses the Net.
16:23 of 2nd period - Shot by Adam Henrique.
16:23 of 2nd period - Stopped by Jonathan Bernier without a rebound.
16:24 of 2nd period - Nick Shore wins face-off versus Adam Henrique in Canadiens zone.
16:33 of 2nd period - Shot by Nick Shore.
16:33 of 2nd period - Stopped by Scott Darling with a rebound.
16:35 of 2nd period - Shot by Brian Gibbons.
16:35 of 2nd period - Shot Misses the Net.
16:37 of 2nd period - Shot by Brian Gibbons.
16:37 of 2nd period - Stopped by Scott Darling with a rebound.
17:01 of 2nd period - Kyle Okposo is hit by Brian Gibbons and loses puck.
17:37 of 2nd period - Leo Komarov is hit by Tyson Jost.
18:35 of 2nd period - Jakob Silfverberg is hit by Patrick Marleau and loses puck.
19:38 of 2nd period - Off-side.
19:39 of 2nd period - Nick Shore wins face-off versus Cal Clutterbuck in neutral zone.
Goals for this period are 0 for Canadiens vs 1 for MapleLeafs.
Shots for this period are 6 for Canadiens vs 6 for MapleLeafs.

3rd period


0:01 of 3rd period - Adam Henrique wins face-off versus Auston Matthews in neutral zone.
0:04 of 3rd period - Shot by Dmitry Kulikov.
0:04 of 3rd period - Shot Misses the Net.
0:10 of 3rd period - Shot by Auston Matthews.
0:10 of 3rd period - Stopped by Scott Darling with a rebound.
0:12 of 3rd period - Shot by Ivan Provorov.
0:12 of 3rd period - Goal by Ivan Provorov - Canadiens : 3 - MapleLeafs : 2.
0:13 of 3rd period - Nolan Patrick wins face-off versus John Tavares in neutral zone.
0:46 of 3rd period - Shot by Nolan Patrick.
0:46 of 3rd period - Shot Blocked by Cam Fowler.
0:48 of 3rd period - Shot by Nolan Patrick.
0:48 of 3rd period - Deflect By Craig Smith.
0:48 of 3rd period - Stopped by Jonathan Bernier without a rebound.
0:49 of 3rd period - Auston Matthews wins face-off versus Adam Henrique in Canadiens zone.
1:02 of 3rd period - Shot by Teuvo Teravainen.
1:02 of 3rd period - Shot Blocked by Dmitry Kulikov.
2:11 of 3rd period - Zack Smith is hit by Cal Clutterbuck and loses puck.
2:41 of 3rd period - Minor Penalty to Cal Clutterbuck for Delaying the game.
2:42 of 3rd period - John Tavares wins face-off versus Patrick Marleau in MapleLeafs zone.
3:46 of 3rd period - Shot by Teuvo Teravainen.
3:46 of 3rd period - Shot Blocked by Dmitry Kulikov.
3:48 of 3rd period - Shot by Josh Morrissey.
3:48 of 3rd period - Shot Blocked by Dmitry Kulikov.
3:50 of 3rd period - Shot by Josh Morrissey.
3:50 of 3rd period - Stopped by Scott Darling with a rebound.
4:25 of 3rd period - Shot by Jordan Eberle.
4:25 of 3rd period - Shot Blocked by Radko Gudas.
4:27 of 3rd period - Shot by Alexander Edler.
4:27 of 3rd period - Goal by Alexander Edler - Canadiens : 4 - MapleLeafs : 2.
4:28 of 3rd period - Nick Shore wins face-off versus Nolan Patrick in neutral zone.
4:39 of 3rd period - Shot by Craig Smith.
4:39 of 3rd period - Stopped by Jonathan Bernier without a rebound.
4:40 of 3rd period - Zack Smith wins face-off versus Peter Holland in Canadiens zone.
4:44 of 3rd period - Off-side.
4:45 of 3rd period - Peter Holland wins face-off versus Auston Matthews in neutral zone.
4:58 of 3rd period - Jakob Silfverberg is hit by Zack Kassian and loses puck.
5:16 of 3rd period - Shot by Jakob Silfverberg.
5:16 of 3rd period - Shot Misses the Net.
5:44 of 3rd period - Minor Penalty to Leo Komarov for Slashing.
5:45 of 3rd period - John Tavares wins face-off versus Adam Henrique in MapleLeafs zone.
5:50 of 3rd period - Shot by John Tavares.
5:50 of 3rd period - Stopped by Scott Darling without a rebound.
5:51 of 3rd period - Adam Henrique wins face-off versus John Tavares in MapleLeafs zone.
6:59 of 3rd period - Shot by Auston Matthews.
6:59 of 3rd period - Shot Blocked by Mikhail Sergachev.
7:01 of 3rd period - Shot by Ron Hainsey.
7:01 of 3rd period - Stopped by Scott Darling without a rebound.
7:02 of 3rd period - Auston Matthews wins face-off versus Patrick Marleau in MapleLeafs zone.
7:23 of 3rd period - Shot by Auston Matthews.
7:23 of 3rd period - Shot Blocked by Jamie Oleksiak.
7:25 of 3rd period - Shot by Teuvo Teravainen.
7:25 of 3rd period - Stopped by Scott Darling without a rebound.
7:26 of 3rd period - Adam Henrique wins face-off versus Marcus Johansson in MapleLeafs zone.
7:44 of 3rd period - John Tavares is hit by Dmitry Kulikov and loses puck.
8:48 of 3rd period - Shot by Craig Smith.
8:48 of 3rd period - Deflect By Patrick Marleau.
8:48 of 3rd period - Stopped by Jonathan Bernier without a rebound.
8:49 of 3rd period - Cal Clutterbuck wins face-off versus Nick Shore in Canadiens zone.
8:54 of 3rd period - Shot by Beau Bennett.
8:54 of 3rd period - Stopped by Jonathan Bernier without a rebound.
8:55 of 3rd period - John Tavares wins face-off versus Adam Henrique in Canadiens zone.
9:30 of 3rd period - Shot by Marcus Johansson.
9:30 of 3rd period - Stopped by Scott Darling with a rebound.
9:32 of 3rd period - Shot by Alexander Edler.
9:32 of 3rd period - Shot Blocked by Radko Gudas.
10:05 of 3rd period - Icing by Ivan Provorov.
10:06 of 3rd period - Cal Clutterbuck wins face-off versus Auston Matthews in Canadiens zone.
10:23 of 3rd period - Shot by Cal Clutterbuck.
10:23 of 3rd period - Shot Misses the Net.
10:31 of 3rd period - Icing by Cal Clutterbuck.
10:32 of 3rd period - Cal Clutterbuck wins face-off versus Nick Shore in MapleLeafs zone.
10:42 of 3rd period - Off-side.
10:43 of 3rd period - Zack Smith wins face-off versus Adam Henrique in neutral zone.
10:56 of 3rd period - Icing by Cam Fowler.
10:57 of 3rd period - Nolan Patrick wins face-off versus Zack Smith in Canadiens zone.
11:55 of 3rd period - Minor Penalty to Adam Henrique for Diving.
11:56 of 3rd period - Auston Matthews wins face-off versus Patrick Marleau in MapleLeafs zone.
11:57 of 3rd period - Shot by Ivan Provorov.
11:57 of 3rd period - Shot Blocked by Radko Gudas.
11:59 of 3rd period - Shot by Jakob Silfverberg.
11:59 of 3rd period - Deflect By Teuvo Teravainen.
11:59 of 3rd period - Shot Misses the Net.
12:01 of 3rd period - Shot by Auston Matthews.
12:01 of 3rd period - Shot Misses the Net.
12:03 of 3rd period - Shot by Jakob Silfverberg.
12:03 of 3rd period - Shot Misses the Net.
12:05 of 3rd period - Shot by Ivan Provorov.
12:05 of 3rd period - Shot Blocked by Leo Komarov.
12:11 of 3rd period - Shot by Teuvo Teravainen.
12:11 of 3rd period - Shot Misses the Net.
12:13 of 3rd period - Shot by Jakob Silfverberg.
12:13 of 3rd period - Stopped by Scott Darling without a rebound.
12:14 of 3rd period - Peter Holland wins face-off versus John Tavares in MapleLeafs zone.
12:14 of 3rd period - Peter Holland is hit by Marcus Johansson.
13:31 of 3rd period - Off-side.
13:32 of 3rd period - John Tavares wins face-off versus Patrick Marleau in neutral zone.
14:20 of 3rd period - Kyle Okposo is hit by Matt Calvert and loses puck.
14:27 of 3rd period - Shot by Kyle Okposo.
14:27 of 3rd period - Stopped by Jonathan Bernier without a rebound.
14:28 of 3rd period - Peter Holland wins face-off versus Auston Matthews in Canadiens zone.
14:32 of 3rd period - Anthony Duclair is hit by Ron Hainsey and loses puck.
14:35 of 3rd period - Shot by Zack Kassian.
14:35 of 3rd period - Stopped by Jonathan Bernier without a rebound.
14:36 of 3rd period - Jakob Silfverberg wins face-off versus Peter Holland in Canadiens zone.
15:05 of 3rd period - Shot by Auston Matthews.
15:05 of 3rd period - Shot Misses the Net.
15:29 of 3rd period - Shot by Cal Clutterbuck.
15:29 of 3rd period - Stopped by Jonathan Bernier without a rebound.
15:30 of 3rd period - John Tavares wins face-off versus Nolan Patrick in Canadiens zone.
15:41 of 3rd period - Shot by Jordan Eberle.
15:41 of 3rd period - Shot Misses the Net.
16:45 of 3rd period - Josh Morrissey is hit by Alex DeBrincat and loses puck.
17:48 of 3rd period - Dmitry Kulikov is hit by Zack Smith and loses puck.
18:34 of 3rd period - Shot by Teuvo Teravainen.
18:34 of 3rd period - Stopped by Scott Darling without a rebound.
18:35 of 3rd period - John Tavares wins face-off versus Nolan Patrick in MapleLeafs zone.
18:35 of 3rd period - John Tavares is hit by Ryan Sproul.
19:06 of 3rd period - Shot by Jordan Eberle.
19:06 of 3rd period - Shot Misses the Net.
19:24 of 3rd period - Shot by Kyle Okposo.
19:24 of 3rd period - Shot Misses the Net.
19:26 of 3rd period - Shot by Dmitry Kulikov.
19:26 of 3rd period - Stopped by Jonathan Bernier with a rebound.
19:40 of 3rd period - Shot by Alex DeBrincat.
19:40 of 3rd period - Shot Misses the Net.
19:42 of 3rd period - Shot by Dmitry Kulikov.
19:42 of 3rd period - Shot Misses the Net.
19:44 of 3rd period - Shot by Adam Henrique.
19:44 of 3rd period - Stopped by Jonathan Bernier without a rebound.
19:45 of 3rd period - Auston Matthews wins face-off versus Peter Holland in Canadiens zone.
19:52 of 3rd period - Shot by Peter Holland.
19:52 of 3rd period - Deflect By Zack Kassian.
19:52 of 3rd period - Stopped by Jonathan Bernier without a rebound.
19:53 of 3rd period - Cal Clutterbuck wins face-off versus Auston Matthews in Canadiens zone.
Goals for this period are 2 for Canadiens vs 0 for MapleLeafs.
Shots for this period are 10 for Canadiens vs 10 for MapleLeafs.